 Dungeon Crawl Stone Soup version 0.17.1-1-g73c8601 (webtiles) character file.

35214 Ponchio the Eclecticist (level 13, -6/63 HPs)
             Began as a Deep Elf Fire Elementalist on Dec 10, 2015.
             Was a High Priest of Vehumet.
             Mangled by an emperor scorpion (7 damage)
             ... on level 1 of the Spider Nest on Dec 11, 2015.
             The game lasted 04:19:36 (24349 turns).

Ponchio the Eclecticist (DEFE)                     Turns: 24349, Time: 04:19:36

Health: -6/63      AC: 13    Str:  5    XL:     13   Next: 46%
Magic:  1/38       EV: 17    Int: 29    God:    Vehumet [*****.]
Gold:   151        SH:  0    Dex: 20    Spells: 6 memorised, 30 levels left

rFire  x . .     SeeInvis +     l - +0 dagger (protect)
rCold  . . .     Clarity  .     I - +1 leather armour of the Duchess {Regen+ Dex+5}
rNeg   + + .     SustAt   .     (no shield)
rPois  .         Gourm    .     O - +0 hat of Icegadd {rF- rN++ rCorr Int+3} (curse)
rElec  .         Spirit   .     d - +0 cloak
rCorr  +         Warding  .     j - +2 pair of gloves
rMut   .         Stasis   .     (no boots)
MR     +....                    (no amulet)
Stlth  ++........               n - ring of see invisible
                                q - ring of wizardry

@: studying Long Blades, somewhat resistant to hostile enchantments, unstealthy
A: no striking features
a: Renounce Religion


You were on level 1 of the Spider Nest.
You worshipped Vehumet.
Vehumet was extremely pleased with you.
You were not hungry.

You visited 4 branches of the dungeon, and saw 19 of its levels.
You also visited: Sewer.

You collected 976 gold pieces.
You spent 825 gold pieces at shops.

Inventory:

Hand Weapons
 l - a +0 dagger of protection (weapon)
Armour
 a - a +0 robe
 d - a +0 cloak (worn)
 j - a +2 pair of gloves (worn)
 E - a steam dragon hide
 I - the +1 leather armour of the Duchess (worn) {Regen+ Dex+5}
   (You found it on level 2 of the Lair of Beasts)

   It affects your dexterity (+5).
   It increases your rate of regeneration.
 O - the cursed +0 hat of Icegadd (worn) {rF- rN++ rCorr Int+3}
   (You found it on level 12 of the Dungeon)

   It affects your intelligence (+3).
   It makes you vulnerable to fire.
   It greatly protects you from negative energy.
   It protects you from acid and corrosion.
   It has a curse placed upon it.
 S - a +2 robe of positive energy
Magical Staves
 U - an uncursed staff of poison
Jewellery
 n - a ring of see invisible (right hand)
 q - a ring of wizardry (left hand)
 r - an uncursed ring of protection from fire
 w - an uncursed ring of protection from magic
 y - an uncursed amulet of stasis
 A - an uncursed ring of protection from fire
 T - a +6 ring of protection
Wands
 f - a wand of random effects (25)
 s - a wand of paralysis (16)
 x - a wand of lightning (6)
 z - a wand of fire (0)
 C - a wand of enslavement (11)
 F - a wand of draining (0)
 N - a wand of random effects (24)
 R - a wand of slowing (26)
Scrolls
 i - 7 scrolls of remove curse
 k - 4 scrolls of teleportation
 m - 2 scrolls of fear
 v - 10 scrolls of identify
 D - a scroll of silence
 G - a scroll of enchant armour
 J - a scroll of torment {unknown}
 V - a scroll of enchant weapon {unknown}
Potions
 e - 5 potions of agility
 h - 4 potions of might
 o - 2 potions of brilliance
 u - 2 potions of flight
 H - a potion of curing
 K - a potion of cancellation
 L - a potion of resistance
Books
 b - a book of Flames

   Spells                             Type                      Level
   a - Flame Tongue                   Conjuration/Fire             1
   b - Throw Flame                    Conjuration/Fire             2
   c - Conjure Flame                  Conjuration/Fire             3
   d - Inner Flame                    Hexes/Fire                   3
   e - Sticky Flame                   Conjuration/Fire             4
   f - Fireball                       Conjuration/Fire             5
 t - a book of Summonings

   Spells                             Type                      Level
   a - Recall                         Summoning/Translocation      3
   b - Aura of Abjuration             Summoning                    5
   c - Shadow Creatures               Summoning                    5
   d - Summon Demon                   Summoning                    5
   e - Summon Forest                  Summoning/Translocation      5
   f - Summon Mana Viper              Hexes/Summoning              5
 P - a manual of Long Blades
 Q - a book of Alchemy

   Spells                             Type                      Level
   a - Sublimation of Blood           Necromancy                   2
   b - Ignite Poison                  Fire/Transmutation/Poison    3
   c - Alistair's Intoxication        Transmutation/Poison         4
   d - Condensation Shield            Ice                          4
   e - Petrify                        Transmutation/Earth          4
   f - Irradiate                      Conjuration/Transmutation    5
Miscellaneous
 B - a disc of storms
 M - a stone of tremors
Comestibles
 c - 7 bread rations
 g - 5 meat rations
 p - 5 fruits


   Skills:
 - Level 8.0 Dodging
 - Level 2.6 Stealth
 + Level 19.2 Spellcasting
 + Level 10.0 Conjurations
 - Level 9.2 Hexes
 - Level 3.0 Necromancy
 - Level 8.9 Fire Magic
 - Level 8.5 Earth Magic


You had 30 spell levels left.
You knew the following spells:

 Your Spells              Type           Power        Failure   Level  Hunger
a - Flame Tongue          Conj/Fire      #####        1%          1    None
b - Fireball              Conj/Fire      ######....   1%          5    None
c - Dazzling Spray        Conj/Hex       ######..     1%          3    None
d - Iron Shot             Conj/Erth      ######....   1%          6    None
e - Sublimation of Blood  Necr           #####.....   1%          2    None
f - Ignite Poison         Fire/Trmt/Pois #####...     1%          3    None


Dungeon Overview and Level Annotations

Branches:
Dungeon (14/15)            Temple (1/1) D:5            Lair (3/8) D:9
 Spider (1/4) Lair:3
  Swamp: Lair:3-6    Shoals: Lair:3-6       Orc: D:9-12      Vaults: D:13-14

Altars:
Ashenzari
Cheibriados
Dithmenos
Elyvilon
Fedhas
Gozag
Kikubaaqudgha
Makhleb
Nemelex Xobeh
Okawaru
Qazlal
Ru
Sif Muna
Trog
Vehumet
Xom
Yredelemnul
Zin
The Shining One

Shops:
D:7 :

Annotations:
D:8 bezhaha's ghost, novice DgGl


Message History

The emperor scorpion claws you but does no damage.
The emperor scorpion claws you!
Casting: Iron Shot
Confirm with . or Enter, or press ? or * to list all spells.
Aiming: Iron Shot
Press: ? - help, Shift-Dir - straight line, f/p - emperor scorpion
Aim: an emperor scorpion (severely wounded)
The iron shot misses the emperor scorpion.
You feel very sick. The emperor scorpion stings you.
* * * LOW HITPOINT WARNING * * *
The emperor scorpion claws you.
* * * LOW HITPOINT WARNING * * *
The emperor scorpion claws you!
* * * LOW HITPOINT WARNING * * *
Drink which item? (? for menu, Esc to quit)
You feel better. The emperor scorpion stings you!
* * * LOW HITPOINT WARNING * * *
The emperor scorpion claws you!
You die...

#. .# #.# #. .#.###.. ##
.......# .......##
....#.## #.....# ##....#
#..@..######
#..#s..#.^.##
##..........#
#..........## ##
.#####..#..#.#..### ##.
............#.....# #..
.........#..##....## ###
........######.....#####.
#...#....#.##.....##..###


You could see an emperor scorpion.

Vanquished Creatures
  A vault guard (D:13)
  4 hydras
  3 centaur warriors (D:13)
  Erolcha (D:13)
  A death yak (Lair:3)
  Sonja (D:13)
  A skeletal warrior (D:12)
  An unseen horror (D:13)
  A hill giant (D:12)
  An ugly thing (D:13)
  3 cyclopes
  6 spiny frogs
  2 torpor snails
  3 komodo dragons
  2 demonic crawlers
  A tengu conjurer (D:13)
  A jumping spider (Spider:1)
  A troll (D:9)
  Prince Ribbit (D:8)
  A two-headed ogre (D:13)
  A trapdoor spider zombie (D:12)
  3 tarantellas (Spider:1)
  3 blink frogs (Lair:3)
  10 redbacks (Spider:1)
  4 trapdoor spiders (Spider:1)
  Sigmund (D:5)
  2 wyverns
  A wraith (D:12)
  17 yaks
  A deep elf mage (D:13)
  5 hippogriffs
  A basilisk (Lair:1)
  3 hungry ghosts
  A steam dragon (Lair:1)
  8 water moccasins
  4 porcupines
  8 wolves
  2 wasps
  22 spiders
  3 sky beasts
  A black bear (D:13)
  5 orc warriors
  2 phantoms
  3 ice beasts
  16 centaurs
  7 crocodiles
  4 ogres
  11 giant frogs
  6 big kobolds
  2 scorpions (D:7)
  3 wights (D:11)
  13 killer bees
  5 crimson imps
  4 giant frog zombies
  A wasp zombie (D:8)
  8 hounds
  3 jellies
  6 iguanas
  10 orc wizards
  6 orc priests
  Jessica (D:2)
  2 centaur skeletons
  Natasha (thrice) (D:2)
  9 worker ants
  4 sheep
  A killer bee zombie (D:6)
  A hound zombie (D:8)
  A hound skeleton (D:9)
  A worker ant zombie (D:6)
  17 gnolls
  31 river rats
  17 adders
  A shadow imp (D:8)
  5 oozes
  An adder skeleton (D:9)
  2 worms (D:2)
  4 giant geckos
  48 orcs
  4 giant cockroaches
  7 goblins
  6 hobgoblins
  14 jackals
  3 quokkas
  4 ball pythons
  7 bats
  11 giant newts
  A jackal skeleton (D:4)
  14 kobolds
  10 rats
  4 fungi
  3 plants (Lair:3)
  A toadstool (D:1)
490 creatures vanquished.

Vanquished Creatures (others)
  7 fungi
  5 plants
  3 toadstools (D:1)
15 creatures vanquished.

Grand Total: 505 creatures vanquished

Notes
Turn   | Place    | Note
--------------------------------------------------------------
     0 | D:1      | Ponchio the Deep Elf Fire Elementalist began the quest for the Orb.
     0 | D:1      | Reached XP level 1. HP: 10/10 MP: 6/6
   182 | D:1      | Reached XP level 2. HP: 15/15 MP: 5/8
   769 | D:2      | Noticed Natasha
   778 | D:2      | Killed Natasha
   778 | D:2      | Reached skill level 4 in Spellcasting
   778 | D:2      | Reached XP level 3. HP: 7/19 MP: 2/10
  1059 | D:2      | Noticed Jessica
  1062 | D:2      | Killed Jessica
  1062 | D:2      | Reached XP level 4. HP: 16/24 MP: 5/12
  1188 | D:2      | Noticed Natasha
  1223 | D:2      | Killed Natasha
  1270 | D:2      | Reached skill level 5 in Spellcasting
  1451 | D:2      | Noticed Natasha
  1456 | D:2      | Killed Natasha
  1685 | D:2      | Reached XP level 5. HP: 24/28 MP: 11/15
  1692 | D:2      | Learned a level 5 spell: Fireball
  1943 | D:2      | Reached skill level 6 in Spellcasting
  2248 | D:3      | Found a glowing drain.
  2257 | Sewer    | Entered a sewer
  3154 | D:2      | Reached skill level 7 in Spellcasting
  3195 | D:3      | Reached XP level 6. HP: 32/32 MP: 14/18
  4631 | D:4      | Found a deep blue altar of Sif Muna.
  5128 | D:5      | Entered Level 5 of the Dungeon
  5217 | D:5      | Reached XP level 7. HP: 33/36 MP: 14/19
  5286 | D:5      | Reached skill level 5 in Conjurations
  5304 | D:5      | Found a staircase to the Ecumenical Temple.
  5315 | Temple   | Entered the Ecumenical Temple
  5333 | Temple   | Became a worshipper of Vehumet
  5454 | D:5      | Noticed Sigmund
  5460 | D:5      | Killed Sigmund
  5460 | D:5      | Reached skill level 5 in Fire Magic
  6184 | D:5      | Reached XP level 8. HP: 22/41 MP: 15/20
  6744 | D:6      | Reached * piety under Vehumet
  6744 | D:6      | Offered knowledge of Magic Dart by Vehumet.
  7112 | D:6      | Reached skill level 8 in Conjurations
  7390 | D:6      | Found a stormy altar of Qazlal.
  7482 | D:6      | Found an iron altar of Okawaru.
  7943 | D:7      | Offered knowledge of Sting by Vehumet.
  7948 | D:7      | Reached ** piety under Vehumet
  7948 | D:7      | Reached XP level 9. HP: 35/45 MP: 7/21
  8569 | D:7      | Reached skill level 9 in Spellcasting
  8771 | D:7      | Found Codazil's Book Boutique.
  9155 | D:7      | Reached skill level 10 in Spellcasting
  9392 | D:8      | Offered knowledge of Searing Ray by Vehumet.
  9420 | D:8      | Reached skill level 11 in Spellcasting
  9781 | D:7      | Reached skill level 12 in Spellcasting
  9844 | D:8      | Reached XP level 10. HP: 50/50 MP: 14/28
  9993 | D:8      | Found a glowing silver altar of Zin.
  9993 | D:8      | Found a blossoming altar of Fedhas.
 10134 | D:8      | Noticed bezhaha's ghost (novice DgGl)
 10962 | D:8      | Noticed Prince Ribbit
 10966 | D:8      | Killed Prince Ribbit
 10966 | D:8      | Reached skill level 13 in Spellcasting
 11523 | D:8      | Reached *** piety under Vehumet
 11557 | D:8      | Upgraded the game from 0.17.0-73-gb648821 to 0.17.1-1-g73c8601
 11901 | D:8      | Noticed a two-headed hydra
 12165 | D:8      | Reached skill level 14 in Spellcasting
 13030 | D:9      | Reached skill level 5 in Dodging
 13128 | D:9      | Offered knowledge of Olgreb's Toxic Radiance by Vehumet.
 13227 | D:9      | Found a staircase to the Lair.
 13671 | D:9      | Found an opulent altar of Gozag.
 14172 | Lair:1   | Entered Level 1 of the Lair of Beasts
 14188 | Lair:1   | Reached **** piety under Vehumet
 14480 | Lair:1   | Offered knowledge of Dazzling Spray by Vehumet.
 14486 | Lair:1   | Learned a level 3 spell: Dazzling Spray
 14595 | Lair:1   | Noticed a six-headed hydra
 14600 | Lair:1   | Killed a six-headed hydra
 14600 | Lair:1   | Reached XP level 11. HP: 54/54 MP: 8/31
 15297 | Lair:1   | Reached skill level 15 in Spellcasting
 15972 | Lair:2   | Reached skill level 16 in Spellcasting
 15977 | Lair:2   | Noticed a four-headed hydra
 16627 | Lair:2   | Killed a four-headed hydra
 16627 | Lair:2   | Reached skill level 5 in Hexes
 17025 | Lair:2   | Got a scorched leather armour
 17036 | Lair:2   | Identified the cursed +1 leather armour of the Duchess {Regen+ Dex+5} (You found it on level 2 of the Lair of Beasts)
 17232 | Lair:1   | Reached ***** piety under Vehumet
 17355 | D:10     | Entered Level 10 of the Dungeon
 17359 | D:10     | Offered knowledge of Iron Shot by Vehumet.
 17371 | D:10     | Learned a level 6 spell: Iron Shot
 17526 | D:10     | Reached skill level 1 in Earth Magic
 17593 | D:10     | You fall through a shaft for 3 floors!
 17679 | D:13     | Noticed a five-headed hydra
 17682 | D:13     | Killed a five-headed hydra
 17690 | D:13     | Noticed a centaur warrior
 17840 | D:13     | Noticed Sonja
 17843 | D:13     | Killed Sonja
 17875 | D:13     | Noticed an unseen horror
 17877 | D:13     | Killed an unseen horror
 17877 | D:13     | Reached skill level 5 in Earth Magic
 17877 | D:13     | Reached XP level 12. HP: 56/59 MP: 16/34
 17941 | D:13     | Noticed a centaur warrior
 17945 | D:13     | Killed a centaur warrior
 18306 | D:13     | Noticed a vault guard
 18386 | D:13     | Noticed Erolcha
 18396 | D:13     | Killed Erolcha
 18456 | D:13     | Reached skill level 17 in Spellcasting
 18472 | D:13     | Noticed a centaur warrior
 18627 | D:13     | Killed a centaur warrior
 18799 | D:13     | Killed a vault guard
 19288 | D:13     | Killed a centaur warrior
 19293 | D:13     | Noticed a skeletal warrior
 19348 | D:13     | Noticed a skeletal warrior
 19350 | D:13     | Noticed a skeletal warrior
 19356 | D:13     | Noticed a skeletal warrior
 19367 | D:12     | Killed a skeletal warrior
 19367 | D:12     | Reached skill level 18 in Spellcasting
 19970 | D:12     | Got a bloodstained hat
 20152 | D:12     | Identified the cursed +0 hat of Icegadd {rF- rN++ rCorr Int+3} (You found it on level 12 of the Dungeon)
 21808 | D:7      | Killed a two-headed hydra
 21860 | D:7      | Bought a book of Alchemy for 825 gold pieces
 22248 | Lair:3   | Reached XP level 13. HP: 63/63 MP: 29/37
 22251 | Lair:3   | Found a hole to the Spider Nest.
 22904 | Lair:3   | Learned a level 2 spell: Sublimation of Blood
 23310 | Lair:3   | Learned a level 3 spell: Ignite Poison
 23342 | Spider:1 | Entered Level 1 of the Spider Nest
 23525 | Spider:1 | Reached skill level 1 in Necromancy
 23723 | Spider:1 | Reached skill level 19 in Spellcasting
 23763 | Lair:3   | Paralysed by a wasp for 1 turns
 24146 | Spider:1 | Reached skill level 10 in Conjurations
 24311 | Spider:1 | Noticed an emperor scorpion
 24349 | Spider:1 | HP: 1/63 [emperor scorpion (11)]
 24349 | Spider:1 | Mangled by an emperor scorpion

Action                   |  1- 3 |  4- 6 |  7- 9 | 10-12 | 13-15 || total
-------------------------+-------+-------+-------+-------+-------++-------
Melee: Dagger            |     1 |     5 |     6 |   203 |     8 ||   223
 Cast: Flame Tongue      |    41 |   162 |   268 |   249 |    15 ||   735
       Fireball          |       |       |    14 |   126 |    28 ||   168
       Dazzling Spray    |       |       |       |   130 |    53 ||   183
       Iron Shot         |       |       |       |    51 |    30 ||    81
       Ignite Poison     |       |       |       |       |     3 ||     3
Evoke: Wand              |       |       |       |     1 |     4 ||     5
  Use: Scroll            |       |    13 |     8 |    14 |     1 ||    36
       Potion            |       |     1 |     3 |     4 |     3 ||    11
 Stab: Distracted        |       |     1 |       |       |       ||     1
       Sleeping          |       |     3 |     1 |     1 |       ||     5
  Eat: Chunk             |       |     7 |    16 |    27 |     4 ||    54
       Fruit             |       |     4 |       |     9 |     3 ||    16
       Beef jerky        |       |     1 |     1 |     4 |       ||     6
       Royal jelly       |       |       |     1 |       |       ||     1
       Pizza             |       |       |       |     7 |       ||     7
